 Dungeon Crawl Stone Soup version 0.30-a0-883-g5ad918d77d (webtiles) character file.

Game seed: 14940475220113979611

74391 Farfigtubin the Spear-Bearer (level 15, -7/122 HPs)
             Began as a Merfolk Ice Elementalist on Mar 12, 2023.
             Was a High Priest of Vehumet.
             Mangled by a moth of wrath (20 damage)
             ... on level 1 of the Spider Nest on Mar 17, 2023.
             The game lasted 05:08:00 (24647 turns).

Farfigtubin the Spear-Bearer (MfIE)                Turns: 24647, Time: 05:08:00

Health: -7/122     AC: -8    Str: 10    XL:     15   Next: 46%
Magic:  10/40      EV: 16    Int: 28    God:    Vehumet [*****.]
Gold:   1395       SH:  5    Dex: 20    Spells: 10/36 levels left

rFire   . . .      SeeInvis +    A - +2 trident (venom)
rCold   . . .      Faith    .    (no shield)
rNeg    . . .      Spirit   .    U - +1 robe of Qazlal's Generosity {Int+2 SInv}
rPois   +          Reflect  +    f - +3 hat of Pondering {ponderous, Will+ MP+10 Int+5}
rElec   .          Rampage  .    P - scarf {+Inv}
rCorr   .                        C - +0 pair of gloves
Will    ++...                    c - +0 pair of boots
Stlth   ++                       M - amulet of reflection
HPRegen 0.40/turn                X - +6 ring of dexterity
MPRegen 0.27/turn                W - ring of poison resistance

@: corroded, slow
A: (nimble swimmer 2), mertail
a: Renounce Religion, Evoke Invisibility


You were on level 1 of the Spider Nest.
You worshipped Vehumet.
Vehumet was extremely pleased with you.
You visited 4 branches of the dungeon, and saw 20 of its levels.
You also visited: Sewer.

You collected 1745 gold pieces.
You spent 350 gold pieces at shops.

Inventory:

Hand Weapons
 i - a +1 demon trident of pain
 A - a +2 trident of venom (weapon)
Missiles
 d - 2 throwing nets
 k - 6 javelins
 K - 60 poisoned darts
 Q - 9 boomerangs {@F1}
Armour
 c - a +0 pair of boots (worn)
 f - the +3 hat of Pondering (worn) {ponderous, Will+ MP+10 Int+5}
   (You took it off Gastronok on level 1 of the Lair of Beasts)

   Int:       It affects your intelligence (+5).
   MP:        It affects your magic capacity (+10).
   Will:      It increases your willpower.
 C - a +0 pair of gloves (worn)
 P - a scarf of invisibility (worn)
 U - the +1 robe of Qazlal's Generosity (worn) {Int+2 SInv}
   (You found it on level 8 of the Dungeon)

   Int:       It affects your intelligence (+2).
   SInv:      It lets you see invisible.
Jewellery
 q - a ring of willpower
 M - an amulet of reflection (around neck)
 W - a ring of poison resistance (right hand)
 X - a +6 ring of dexterity (left hand)
Wands
 a - a wand of quicksilver (8)
 v - a wand of iceblast (21)
 I - a wand of paralysis (4)
 S - a wand of flame (29)
 Y - a wand of mindburst (2)
Scrolls
 e - 3 scrolls of noise
 g - 7 scrolls of vulnerability
 h - a scroll of summoning
 j - 2 scrolls of enchant armour {unknown}
 m - a scroll of blinking
 p - 2 scrolls of acquirement {unknown}
 t - 11 scrolls of teleportation
 x - a scroll of torment {unknown}
 y - 3 scrolls of enchant weapon
 B - 2 scrolls of fog
 D - a scroll of amnesia {unknown}
 E - 7 scrolls of magic mapping
 H - 3 scrolls of fear
 J - 4 scrolls of poison
Potions
 b - 2 potions of magic
 o - 8 potions of curing
 r - 4 potions of might
 u - 3 potions of haste
 z - 4 potions of ambrosia
 F - 7 potions of berserk rage
 G - 2 potions of brilliance
 L - 5 potions of attraction
 N - a potion of mutation
 O - a potion of invisibility {unknown}
 R - 3 potions of cancellation
 T - 2 potions of resistance {unknown}
 V - 4 potions of flight {unknown}
Miscellaneous
 l - a phantom mirror
 s - a box of beasts
 w - a phial of floods
 Z - a condenser vane


   Skills:
 + Level 12.9 Fighting
 - Level 14.0 Polearms
 - Level 7.0 Dodging
 - Level 2.1 Stealth
 + Level 11.0 Spellcasting
 + Level 9.2 Hexes
 + Level 13.2 Transmutations
 - Level 14.0 Ice Magic


You had 10 spell levels left.
You knew the following spells:

 Your Spells              Type           Power      Damage    Failure   Level
a - Freeze                Ice            100%       1d10      0%          1
b - Frozen Ramparts       Ice            100%       1d16      1%          3
c - Ozocubu's Armour      Ice            76%        N/A       1%          3
d - Summon Ice Beast      Ice/Summ       53%        N/A       1%          4
e - Spider Form           Tmut/Pois      51%        N/A       1%          3
f - Olgreb's Toxic Radia  Pois           15%        N/A       10%         4
g - Hailstorm             Conj/Ice       53%        3d12      1%          3
h - Freezing Cloud        Conj/Ice/Air   20%        6-21      4%          5

Your spell library contained the following spells:

 Spells                   Type           Power      Damage    Failure   Level
 Iskenderun's Battlesphe  Conj           15%        2d7       24%         5
 Beastly Appendage        Tmut           100%       N/A       0%          1
 Foxfire                  Conj/Fire      60%        2x1d7     1%          1
 Magic Dart               Conj           60%        1d6       1%          1
 Sandblast                Erth           30%        2d9       1%          1
 Passwall                 Tmut/Erth      42%        N/A       1%          2
 Searing Ray              Conj           30%        2d5       1%          2
 Wereblood                Tmut           74%        N/A       1%          2
 Ignite Poison            Fire/Tmut/Pois 40%        N/A       1%          3
 Inner Flame              Hex/Fire       41%        N/A       1%          3
 Portal Projectile        Hex/Tloc       82%        N/A       1%          3
 Tukima's Dance           Hex            61%        N/A       1%          3
 Cause Fear               Hex            30%        N/A       1%          4
 Fulminant Prism          Conj/Hex       20%        3d12      1%          4
 Blade Hands              Tmut           37%        N/A       1%          5
 Necrotise                Necr           60%        1d7       3%          1
 Mephitic Cloud           Conj/Pois/Air  15%        N/A       3%          3
 Stone Arrow              Conj/Erth      30%        3d8       3%          3
 Call Imp                 Summ           15%        N/A       5%          2
 Leda's Liquefaction      Hex/Erth       20%        N/A       5%          4
 Flame Wave               Conj/Fire      15%        2d7       10%         4
 Sticky Flame             Conj/Fire      15%        2d4       10%         4
 Vampiric Draining        Necr           15%        2d7       11%         3
 Fireball                 Conj/Fire      7%         3d5       24%         5
 Lee's Rapid Deconstruct  Erth           7%         3d7*      24%         5
 Statue Form              Tmut/Erth      34%        N/A       36%         6
 Agony                    Necr           15%        N/A       69%         5
 Starburst                Conj/Fire      7%         6d4       77%         6
 Discord                  Hex            30%        N/A       99%         8
 Ignition                 Fire           7%         3d5       100%        8


Dungeon Overview and Level Annotations

Branches:
Dungeon (13/15)            Temple (1/1) D:7            Lair (5/5) D:10
  Swamp (0/4) Lair:3       Spider (1/4) Lair:2        Slime (0/5) Lair:4
    Orc (0/2) D:10          Sewer (visited)
 Vaults: D:13-14

Altars:
Ashenzari
Cheibriados
Dithmenos
Elyvilon
Fedhas
Gozag
Hepliaklqana
Kikubaaqudgha
Makhleb
Nemelex Xobeh
Okawaru
Qazlal
Ru
Sif Muna
Trog
Uskayaw
Vehumet
Wu Jian
Xom
Yredelemnul
Zin
The Shining One
Jiyva

Shops:
D:12 ?

Annotations:
D:4 3 runed translucent doors, dolemite99's ghost, amateur MiHu
D:6 2 transporters, Rudyous's ghost, novice GnFE
D:11 1 runed translucent door, sirJeffrey23's ghost, journeyman DsMo
D:13 Nessos


Innate Abilities, Weirdness & Mutations

((You are very nimble when in or above water. (Stealth+, EV+, Speed+++)))
Your lower body shifts to a powerful aquatic tail in water.


Message History

A chill wind blows around you.
The wall freezes the culicivora.
The wall freezes the moth of wrath!
The moth of wrath misses you.
The wall freezes the entropy weaver.
The entropy weaver hits you! x2
The entropy weaver hits you but does no damage.
The entropy weaver hits you.
You hit the moth of wrath.
The moth of wrath is poisoned.
The moth of wrath is heavily wounded.
The wall freezes the culicivora!
The wall freezes the moth of wrath.
The moth of wrath bites you.
The wall freezes the entropy weaver.
The entropy weaver points at you and mumbles some strange words.
The entropic weave corrodes you!
You hit the moth of wrath but do no damage.
The moth of wrath looks as sick as possible!
The moth of wrath is heavily wounded.
The wall freezes the culicivora!
The wall freezes the moth of wrath.
You block the moth of wrath's attack.
The wall freezes the entropy weaver!
The entropy weaver barely misses you. x2; The entropy weaver hits you!
* * * LOW HITPOINT WARNING * * *
The entropy weaver hits you!
* * * LOW HITPOINT WARNING * * *
Unknown command.
Your icy armour and frozen ramparts will break if you move.
Continue?
You swap places.
Your icy armour cracks and falls away as you move.
The frozen ramparts melt away as you move.
The moth of wrath bites your ice beast!
Your ice beast barely misses the entropy weaver.
The entropy weaver hits your ice beast. The entropy weaver hits your ice beast!
The entropy weaver hits your ice beast but does no damage.
The entropy weaver hits your ice beast!
The moth of wrath bites your ice beast but does no damage.
The entropy weaver hits your ice beast!
Your ice beast dies!
Your ice beast disappears in a puff of smoke!
Casting: Summon Ice Beast (mildly dangerous; 1% risk of failure)
Confirm with . or Enter, or press ? or * to list all spells.
A chill wind blows around you.
The moth of wrath attacks as you move away!
The moth of wrath bites you!!
You die...

...........##......#........
.^##..(....#.....^##.......^..$..
###......##.......#......?.....y
..#....###........##...........#
....###..........##..>.#.......
.................#.....##..#..
.........^..##...#...........
..........#......#..........#
.#####....###...@###....#...##
##........#^....Yy†B...##....#
.........##.......#.....##...#
.....^...#.^......#......#..##
.........#...#....#......>...#
..^#<....#..#.....##..#..^...#
...#.....####......####......#
...#^....# #..#...##........#
#..#...^## #####..#.........#


You could see an entropy weaver (ally target), a moth of wrath (very poisoned)
and a friendly ice beast (summoned).

Vanquished Creatures
  Gastronok (Lair:1)
  An emperor scorpion (Spider:1)
  A ghost moth (Spider:1)
  An entropy weaver (Spider:1)
  Harold (D:10)
  Fannar (Lair:2)
  A hydra (Lair:5)
  A centaur warrior (D:12)
  3 two-headed ogres
  Erica (Lair:2)
  A catoblepas (D:13)
  A radroach (Spider:1)
  A boulder beetle (D:12)
  5 death yaks
  Urug (Lair:2)
  A skyshark (Lair:3)
  3 goliath frogs
  A bog body (Lair:3)
  A steelbarb worm (Spider:1)
  5 wolf spiders
  An ugly thing (D:12)
  10 elephants
  2 manticores (D:12)
  5 black mambas
  Joseph (D:9)
  An orange demon (D:8)
  2 demonic crawlers (Spider:1)
  A torpor snail (Lair:5)
  15 cane toads
  10 komodo dragons
  3 kobold demonologists (D:10)
  Maggie (Lair:2)
  3 rime drakes
  A hornet (D:8)
  6 tarantellas (Spider:1)
  24 blink frogs
  A tyrant leech (Lair:5)
  Sigmund (D:5)
  5 jumping spiders
  A culicivora (Spider:1)
  4 wyverns
  76 yaks
  6 wraiths
  5 vampire mosquitoes (Lair:5)
  A steam dragon (D:6)
  11 redbacks (Spider:1)
  3 basilisks
  Menkaure (D:4)
  2 swamp worms (Lair:3)
  2 acid dragons
  5 water moccasins
  2 ice beasts
  8 orc warriors
  2 sky beasts
  4 black bears
  5 centaurs
  6 wolves (Lair:4)
  2 phantoms
  Blork the orc (D:4)
  A gnoll sergeant (D:11)
  5 kobold brigands
  17 bullfrogs
  2 scorpions
  3 wights (D:7)
  2 killer bees (D:8)
  An electric eel (Lair:3)
  4 howler monkeys
  4 hounds
  2 jellies
  7 orc priests
  Jessica (D:2)
  7 orc wizards
  A sleepcap (D:4)
  Natasha (twice) (D:4)
  2 iguanas (D:6)
  6 hell rats (Lair:5)
  8 gnolls
  9 adders
  An ufetubus (D:4)
  5 worms
  2 dart slugs
  26 orcs
  11 ball pythons
  3 endoplasms
  A giant cockroach (D:2)
  3 goblins (D:1)
  9 hobgoblins
  4 jackals (D:3)
  23 kobolds
  5 quokkas
  10 bats
  2 frilled lizards (D:2)
  8 rats
469 creatures vanquished.

Vanquished Creatures (collateral kills)
  A catoblepas (Lair:5)
  A two-headed ogre (D:10)
  A death yak (Lair:3)
  Amaemon (D:8)
  2 skysharks (Lair:5)
  2 elephants
  3 cane toads
  A kobold demonologist (D:10)
  2 tarantellas (Spider:1)
  9 blink frogs
  16 yaks
  A basilisk (D:10)
  6 redbacks (Spider:1)
  3 water moccasins
  A wolf (Lair:4)
  A centaur (D:13)
  A kobold brigand (D:8)
  2 bullfrogs
  A wight (D:7)
  A killer bee (D:8)
  A hell rat (Lair:5)
  7 kobolds
64 creatures vanquished.

Vanquished Creatures (others)
  30 fungi
  98 plants
128 creatures vanquished.

Grand Total: 661 creatures vanquished

Notes
Turn   | Place    | Note
-------+----------+-------------------------------------------
     0 | D:1      | Farfigtubin the Merfolk Ice Elementalist began the quest
                  | for the Orb.
     0 | D:1      | Reached XP level 1. HP: 13/13 MP: 3/3
   286 | D:1      | Reached XP level 2. HP: 19/19 MP: 0/5
  1322 | D:2      | Reached XP level 3. HP: 24/24 MP: 4/6
  1335 | D:2      | Learned a level 3 spell: Frozen Ramparts
  1483 | D:2      | Reached skill level 1 in Polearms
  1483 | D:2      | Reached skill level 5 in Ice Magic
  1525 | D:2      | Noticed Jessica
  1531 | D:2      | Killed Jessica
  1612 | D:2      | Reached XP level 4. HP: 30/30 MP: 4/7
  1623 | D:2      | Found a faded altar of an unknown god.
  2414 | D:3      | Reached XP level 5. HP: 22/35 MP: 6/9
  2435 | D:3      | Found a glowing drain.
  2439 | Sewer    | Entered a sewer
  2532 | Sewer    | Noticed a water moccasin
  2541 | Sewer    | Killed a water moccasin
  2542 | Sewer    | Reached XP level 6. HP: 41/41 MP: 3/10
  3357 | D:4      | Noticed Blork the orc
  3376 | D:4      | Killed Blork the orc
  3667 | D:4      | Noticed Natasha
  3674 | D:4      | Killed Natasha
  3730 | D:4      | Noticed a black bear
  3735 | D:4      | Killed a black bear
  3736 | D:4      | Reached XP level 7. HP: 46/46 MP: 5/12
  3833 | D:4      | Noticed Natasha
  3846 | D:4      | Killed Natasha
  3912 | D:4      | Noticed Menkaure
  3926 | D:5      | Entered Level 5 of the Dungeon
  4225 | D:5      | Reached skill level 5 in Polearms
  4365 | D:5      | Reached XP level 8. HP: 43/52 MP: 6/14
  4988 | D:5      | Upgraded the game from 0.30-a0-870-gc5d4c5acee to
                  | 0.30-a0-879-ga8ba668304
  5011 | D:4      | Found a runed translucent gate.
  5014 | D:4      | Found a runed translucent gate.
  5014 | D:4      | Noticed dolemite99's ghost (amateur MiHu)
  5020 | D:4      | Found a runed translucent gate.
  5182 | D:5      | Noticed Sigmund
  5351 | D:4      | Killed Menkaure
  5375 | D:5      | Reached skill level 5 in Spellcasting
  5544 | D:5      | Killed Sigmund
  5663 | D:5      | Learned a level 3 spell: Ozocubu's Armour
  5888 | D:5      | Upgraded the game from 0.30-a0-879-ga8ba668304 to
                  | 0.30-a0-881-g1ff12e1e11
  5916 | D:6      | Reached XP level 9. HP: 41/58 MP: 10/17
  5973 | D:6      | Reached skill level 1 in Fighting
  6346 | D:6      | Reached skill level 10 in Ice Magic
  6670 | D:6      | Learned a level 4 spell: Summon Ice Beast
  6679 | D:6      | Found a transporter.
  6684 | D:6      | Noticed Rudyous's ghost (novice GnFE)
  6928 | D:6      | Found a transporter.
  7328 | D:7      | Found a hide-covered altar of Uskayaw.
  7328 | D:7      | Found an opulent altar of Gozag.
  7329 | D:7      | Found a snail-covered altar of Cheibriados.
  7329 | D:7      | Found a broken altar of Ashenzari.
  7329 | D:7      | Found a sparkling altar of Nemelex Xobeh.
  7329 | D:7      | Found a shadowy altar of Dithmenos.
  7474 | D:7      | Found a radiant altar of Vehumet.
  7474 | D:7      | Found an ornate altar of the Wu Jian Council.
  7474 | D:7      | Found an ancient bone altar of Kikubaaqudgha.
  7551 | D:7      | Reached XP level 10. HP: 71/71 MP: 6/19
  7996 | D:7      | Found a staircase to the Ecumenical Temple.
  8003 | Temple   | Entered the Ecumenical Temple
  8277 | D:7      | Became a worshipper of Vehumet
  8608 | D:8      | Found a sacrificial altar of Ru.
  8655 | D:8      | Paralysed by a hornet for 3 turns
  8805 | D:8      | Identified the +1 robe of Qazlal's Generosity {Int+2 SInv}
  8918 | D:8      | Found an iron altar of Okawaru.
  8918 | D:8      | Found a bloodstained altar of Trog.
  8966 | D:7      | Reached skill level 5 in Fighting
  9056 | D:7      | Reached skill level 10 in Polearms
  9151 | D:7      | Reached skill level 5 in Dodging
  9162 | D:8      | Noticed Amaemon
  9162 | D:8      | Noticed an orange demon
  9182 | D:8      | Killed an orange demon
  9359 | D:7      | Reached XP level 11. HP: 63/81 MP: 14/21
  9370 | D:7      | Reached * piety under Vehumet
  9370 | D:7      | Offered knowledge of Foxfire by Vehumet.
  9521 | D:8      | Killed Amaemon
  9989 | D:8      | Upgraded the game from 0.30-a0-881-g1ff12e1e11 to
                  | 0.30-a0-883-g5ad918d77d
 10009 | D:9      | Noticed Joseph
 10023 | D:9      | Killed Joseph
 10234 | D:9      | Noticed a two-headed ogre
 10254 | D:9      | Killed a two-headed ogre
 10255 | D:9      | Reached skill level 1 in Transmutations
 11009 | D:10     | Entered Level 10 of the Dungeon
 11188 | D:10     | Noticed Harold
 11222 | D:10     | Found a staircase to the Lair.
 11628 | D:10     | Killed Harold
 11885 | D:10     | Noticed a two-headed ogre
 11906 | D:10     | Killed a two-headed ogre
 11958 | D:10     | Noticed a soul eater
 11962 | D:10     | Noticed a sixfirhy
 12123 | D:10     | Learned a level 3 spell: Spider Form
 12179 | D:10     | Reached XP level 12. HP: 71/91 MP: 12/22
 12350 | D:10     | Offered knowledge of Sandblast by Vehumet.
 12368 | D:10     | Reached ** piety under Vehumet
 12394 | D:10     | Found a staircase to the Orcish Mines.
 12682 | D:10     | Noticed a two-headed ogre
 12701 | D:10     | Killed a two-headed ogre
 12702 | D:10     | Reached skill level 5 in Transmutations
 12765 | D:10     | Noticed a sun demon
 13358 | D:11     | Found a shimmering altar of Xom.
 13358 | D:11     | Noticed sirJeffrey23's ghost (journeyman DsMo)
 13358 | D:11     | Noticed a +1 rapier of chaos
 13359 | D:11     | Found a runed translucent door.
 13888 | D:12     | Noticed a boulder beetle
 13970 | D:12     | Found Eradghamu's Magic Scroll Shoppe.
 13978 | D:12     | Bought a scroll of immolation for 56 gold pieces
 13978 | D:12     | Bought a scroll of poison for 56 gold pieces
 13978 | D:12     | Bought a scroll of brand weapon for 133 gold pieces
 13978 | D:12     | Bought a scroll of magic mapping for 105 gold pieces
 14070 | D:12     | Killed a boulder beetle
 14489 | D:12     | Noticed a centaur warrior
 14501 | D:12     | Killed a centaur warrior
 14502 | D:12     | Reached skill level 1 in Hexes
 14510 | D:12     | Noticed a two-headed ogre
 14549 | D:12     | Killed a two-headed ogre
 14549 | D:12     | Offered knowledge of Poisonous Vapours by Vehumet.
 14918 | D:13     | Noticed a catoblepas
 14949 | D:13     | Killed a catoblepas
 15333 | D:13     | Noticed Nessos
 15525 | Lair:1   | Entered Level 1 of the Lair of Beasts
 15560 | Lair:1   | Reached *** piety under Vehumet
 15994 | Lair:1   | Reached XP level 13. HP: 100/100 MP: 16/24
 16038 | Lair:1   | Noticed Gastronok
 16064 | Lair:1   | Killed Gastronok
 16064 | Lair:1   | Offered knowledge of Olgreb's Toxic Radiance by Vehumet.
 16071 | Lair:1   | Learned a level 4 spell: Olgreb's Toxic Radiance
 16178 | Lair:2   | Noticed Urug
 16209 | Lair:2   | Killed Urug
 16529 | Lair:2   | Found a hole to the Spider Nest.
 16653 | Lair:2   | Noticed Fannar
 16748 | Lair:2   | Killed Fannar
 17144 | Lair:2   | Noticed Maggie
 17231 | Lair:2   | Noticed Erica
 17249 | Lair:2   | Killed Erica
 17262 | Lair:2   | Reached **** piety under Vehumet
 17354 | Lair:2   | Killed Maggie
 17504 | Lair:3   | Offered knowledge of Hailstorm by Vehumet.
 17505 | Lair:3   | Reached skill level 10 in Fighting
 17509 | Lair:3   | Learned a level 3 spell: Hailstorm
 17560 | Lair:3   | Reached skill level 5 in Hexes
 18417 | Lair:3   | Reached skill level 10 in Transmutations
 18674 | Lair:3   | Reached XP level 14. HP: 111/111 MP: 27/27
 18902 | Lair:3   | Found a staircase to the Swamp.
 19020 | Lair:3   | Reached ***** piety under Vehumet
 19174 | Lair:4   | Offered knowledge of Freezing Cloud by Vehumet.
 19263 | Lair:4   | Learned a level 5 spell: Freezing Cloud
 19397 | Lair:4   | Found a viscous altar of Jiyva.
 19397 | Lair:4   | Found a staircase to the Slime Pits.
 20558 | Lair:5   | Entered Level 5 of the Lair of Beasts
 20714 | Lair:4   | Reached skill level 10 in Spellcasting
 22108 | Lair:5   | Reached XP level 15. HP: 107/121 MP: 20/29
 22796 | Spider:1 | Entered Level 1 of the Spider Nest
 23263 | Spider:1 | Noticed a ghost moth
 23286 | Spider:1 | Killed a ghost moth
 23541 | Spider:1 | Noticed an emperor scorpion
 23963 | Spider:1 | Offered knowledge of Iskenderun's Battlesphere by Vehumet.
 24431 | Spider:1 | Killed an emperor scorpion
 24647 | Spider:1 | Mangled by a moth of wrath

Illustrated notes

Levels and vault maps discovered:
D:1:      elethiomel_arrival_infinity_welcomes_careful_drivers, layout_basic,
          dreamdust_princess_bridge, hangedman_decor_clover_reticule
D:2:      layout_loops_cross, dreamdust_ecumenical_altar_angels_and_demons,
          grunt_ministairs_11, uniq_jessica
D:3:      layout_basic, gup_sewer_entry_spiral, minmay_circle_x
D:4:      nicolae_cairo_tiling_very_big, layout_basic,
          gammafunk_ghost_nasty_kobolds, uniq_menkaure, uniq_natasha,
          uniq_blork_the_orc
D:5:      layout_cave_pools, minmay_misc_feat_tower, serial_bayou_lagoon_b,
          uniq_sigmund
D:6:      layout_rooms, gammafunk_ghost_stat_death, nicolae_elevator_lobby_plus
D:7:      layout_loops_cross, nicolae_overflows_in_rows, temple_doors_e,
          grunt_decor_one_mirror, serial_bayou_lagoon_a
D:8:      layout_gridville, grunt_temple_overflow_bloody_war,
          kennysheep_mini_moat, nicolae_ossuary_entry_monument,
          solitary_fountain, chequers_serial_rivers_small_b,
          wad_floor_pattern_untrapped, uniq_amaemon
D:9:      layout_loops_corners, uniq_joseph
D:10:     layout_irregular_city, david_lair_generic, david_orc_1_choice,
          serial_bayou_pond_a, minivault_26, uniq_harold
D:11:     layout_basic, ebering_ghost_xom, st_stairs_4
D:12:     layout_cave_pods, serial_shops, nicolae_lakefront_shop
D:13:     layout_roguey, lightli_vaults_fourway_checkpoint, uniq_kirke,
          uniq_nessos
Temple:   chequers_temple_sunken
Lair:1:   layout_roguey, uniq_gastronok
Lair:2:   layout_chaotic_city, spider_nest_entry_rubble,
          chequers_serial_rivers_small_b, uniq_urug, uniq_erica, uniq_fannar,
          uniq_maggie
Lair:3:   layout_cellular_growth, nicolae_swamp_entry_splash_gauntlet
Lair:4:   layout_layer_cave, dpeg_slime_entry_corner, serial_bayou_shore_a,
          lemuel_fruit_fields
Lair:5:   minmay_lair_end_frog_pond, layout_cave_pods
Spider:1: layout_spider_delve

Skill      XL: |  1  2  3  4  5  6  7  8  9 10 11 12 13 14 15 |
---------------+----------------------------------------------+-----
Dodging        | 3 5 7 |  7.0
Polearms       | 1 2 3 4 5 6 8 10 13 14 | 14.0
Ice Magic      | 5 6 7 8 9 11 12 13 14 | 14.0
Spellcasting   | 3 4 5 6 7 9 10 11 | 11.0
Fighting       | 4 5 7 8 10 12 | 12.9
Transmutations | 4 7 10 12 13 | 13.2
Hexes          | 2 6 8 9 |  9.2
Stealth        | |  2.1

Action                     |  1- 3 |  4- 6 |  7- 9 | 10-12 | 13-15 || total
---------------------------+-------+-------+-------+-------+-------++-------
  Melee: Spear             |    15 |    65 |    97 |   326 |       ||   503
         Punch             |       |       |     2 |     4 |     9 ||    15
         Tailslap          |       |       |     1 |       |     3 ||     4
         Trident           |       |       |       |    83 |   701 ||   784
  Throw: Stone             |       |       |     8 |     6 |       ||    14
         Throwing net      |       |       |     1 |       |       ||     1
         Boomerang         |       |       |       |    11 |    48 ||    59
         Dart              |       |       |       |     7 |       ||     7
   Cast: Freeze            |    27 |    62 |    98 |    78 |    12 ||   277
         Frozen Ramparts   |     1 |     7 |    33 |    78 |   129 ||   248
         Ozocubu's Armour  |       |       |     8 |    44 |    78 ||   130
         Summon Ice Beast  |       |       |     1 |    55 |    84 ||   140
         Spider Form       |       |       |       |     2 |       ||     2
         Hailstorm         |       |       |       |       |    12 ||    12
         Freezing Cloud    |       |       |       |       |    60 ||    60
         Olgreb's Toxic Ra |       |       |       |       |     1 ||     1
    Use: Scroll            |       |       |     3 |     9 |    10 ||    22
         Potion            |       |       |     1 |     6 |     8 ||    15
   Stab: Sleeping          |     5 |     7 |     4 |     6 |       ||    22
         Distracted        |       |     1 |     2 |     3 |     6 ||    12
 Armour: Robe              |     4 |    13 |    26 |    74 |   194 ||   311
         Skin              |       |       |       |     1 |       ||     1
  Dodge: Dodged            |    10 |    40 |    80 |   228 |   380 ||   738
  Block: Other             |       |       |     1 |    72 |   105 ||   178
         Reflection        |       |       |       |     3 |       ||     3

Table legend: (Time is in decaauts)
 A = Elapsed time spent in this place.
 B = Non-inter-level travel time spent in this place.
 C = Inter-level travel time spent in this place.
 D = Time resting spent in this place.
 E = Time spent auto-exploring this place.
 F = Levels seen in this place.
 G = Mean time per level.
                   A        B        C        D        E       F      G
               +--------+--------+--------+--------+--------+-----+--------+
         Total |  24412 |  23567 |    845 |   5593 |   4244 |  21 | 1162.5 |
       Dungeon |  14921 |  14454 |    467 |   2924 |   3882 |  13 | 1147.8 |
        Temple |    142 |    125 |     17 |      0 |     79 |   1 |  142.0 |
          Lair |   7776 |   7416 |    360 |   1860 |    283 |   5 | 1555.2 |
   Spider Nest |   1415 |   1415 |      0 |    735 |      0 |   1 | 1415.0 |
         Sewer |    157 |    157 |      0 |     74 |      0 |   1 |  157.0 |
               +--------+--------+--------+--------+--------+-----+--------+

Top non-repeatable levels by time:
    D:10: 2049 daAuts
  Lair:5: 2018 daAuts
  Lair:2: 1840 daAuts
  Lair:4: 1662 daAuts
     D:6: 1466 daAuts
     D:7: 1421 daAuts
Spider:1: 1415 daAuts
  Lair:3: 1404 daAuts
     D:4: 1276 daAuts
     D:5: 1230 daAuts
     D:1: 1072 daAuts
     D:3: 1026 daAuts
     D:2: 1024 daAuts
     D:9: 997 daAuts
     D:8: 992 daAuts
